 Dungeon Crawl Stone Soup version 0.28.0-47-ge53b351184 (webtiles) character file.

Game seed: 6814635925088296065

159 Descartes the Grasshopper (level 5, -10/38 HPs)
             Began as a Formicid Warper on May 9, 2022.
             Killed by divine providence
             ... invoked by an orc priest
              (16 damage)
             ... on level 4 of the Dungeon.
             The game lasted 00:04:57 (3211 turns).

Descartes the Grasshopper (Formicid Warper)         Turns: 3211, Time: 00:04:58

Health: -10/38     AC:  6    Str: 17    XL:     5   Next: 68%
Magic:  8/8        EV: 11    Int: 13    God:
Gold:   139        SH:  0    Dex: 10    Spells: 8/8 levels left

rFire   . . .      SeeInvis +   a - +0 mace
rCold   . . .      Faith    .   (no shield)
rNeg    . . .      Spirit   .   g - +0 ring mail
rPois   .          Reflect  .   (helmet unavailable)
rElec   .          Harm     .   l - +0 cloak
rCorr   .          Rampage  .   (no gloves)
Will    .....                   (no boots)
Stlth   ..........              (no amulet)
HPRegen 0.12/turn               (no ring)
MPRegen 0.11/turn               (no ring)

@: no status effects
A: permanent stasis, dig shafts and tunnels, antennae 3, four strong arms
a: Dig, Shaft Self


You were on level 4 of the Dungeon.
You visited 1 branch of the dungeon, and saw 4 of its levels.

You collected 139 gold pieces.

Inventory:

Hand Weapons
 a - a +0 mace (weapon)
Missiles
 c - 5 boomerangs of dispersal (quivered)
 i - 52 arrows
 k - 2 boomerangs
 m - 23 stones
Armour
 b - a +0 leather armour
 g - a +0 ring mail (worn)
 l - a +0 cloak (worn)
Jewellery
 o - a ring of willpower
Scrolls
 d - 4 scrolls of identify {unknown}
 f - a scroll of blinking {unknown}
 j - a scroll of fear {unknown}
 n - a scroll of magic mapping {unknown}
Potions
 e - a potion of attraction {unknown}
 p - a potion of haste {unknown}


   Skills:
 - Level 2.1 Fighting
 + Level 3.1 Maces & Flails
 - Level 1.0 Throwing
 + Level 2.9 Armour
 - Level 1.7 Dodging
 + Level 2.6 Shields
 - Level 2.1 Spellcasting
 + Level 3.5 Translocations


You had 8 spell levels left.
You didn't know any spells.
Your spell library contained the following spells:

 Spells                   Type           Power      Damage    Failure   Level
 Gell's Gravitas          Tloc           10%        N/A       30%         3
 Lesser Beckoning         Tloc           10%        N/A       30%         3
 Teleport Other           Tloc           10%        N/A       30%         3
 Manifold Assault         Tloc           10%        N/A       96%         5
 Leda's Liquefaction      Hex/Erth       0%         N/A       99%         4
 Lee's Rapid Deconstruct  Erth           0%         3d5*      100%        5
 Statue Form              Tmut/Erth      0%         N/A       100%        6
 Blink                    Tloc           Unusable   N/A       N/A         2

Dungeon Overview and Level Annotations

Branches:
Dungeon (3/15)

Altars:

Shops:
D:1 [


Innate Abilities, Weirdness & Mutations

You cannot be hasted, slowed, berserked, paralysed or teleported.
You can dig through walls and to a lower floor.
You have a pair of large antennae on your head. (SInv)
Your four strong arms can wield two-handed weapons with a shield.


Message History

You hit the orc priest but do no damage.
The orc priest closely misses you.
The orc priest hits you but does no damage.
You hit the orc priest but do no damage.
The orc priest hits you with a +0 flail.
* * * LOW HITPOINT WARNING * * *
You hit the orc priest.
The orc priest is moderately wounded.
The orc priest hits you but does no damage.
You feel better.
The orc priest calls upon Beogh to heal the orc priest.
The orc priest's wounds heal themselves!
The orc priest barely misses you.
You hit the orc priest.
The orc priest is lightly wounded.
The orc priest misses you.
You sock the orc priest!
The orc priest is heavily wounded.
The orc priest barely misses you.
The orc priest casts a cantrip, but nothing happens.
The orc priest hits you with a +0 flail.
You closely miss the orc priest.
The orc priest is heavily wounded.
The orc priest invokes the aid of Beogh against you.
Beogh smites you!
* * * LOW HITPOINT WARNING * * *
You feel better.
The orc priest hits you with a +0 flail.
* * * LOW HITPOINT WARNING * * *
You hit the orc priest.
The orc priest is almost dead.
The orc priest calls upon Beogh to heal the orc priest.
The orc priest is healed somewhat.
The orc priest hits you with a +0 flail.
* * * LOW HITPOINT WARNING * * *
You closely miss the orc priest.
The orc priest is heavily wounded.
The orc priest calls down the wrath of Beogh upon you.
Beogh smites you!
You die...

###########
#.=@oo.....
#######
#.###.#####
#.....# #.#
.#
#.....#####.#
.#
#...>.......#
#
#.....#######
#.....#
###.### #.#


You could see 2 orc priests.

Vanquished Creatures
  Natasha (thrice) (D:2)
  2 adders (D:2)
  6 orcs
  9 endoplasms
  5 giant cockroaches
  5 hobgoblins
  A jackal (D:2)
  3 kobolds
  4 quokkas
  4 ball pythons
  3 bats
  8 frilled lizards
  2 goblins
  3 rats
58 creatures vanquished.

Vanquished Creatures (others)
  A plant (D:2)
1 creature vanquished.

Grand Total: 59 creatures vanquished

Notes
Turn   | Place    | Note
-------+----------+-------------------------------------------
     0 | D:1      | Descartes the Formicid Warper began the quest for the Orb.
     0 | D:1      | Reached XP level 1. HP: 16/16 MP: 3/3
   183 | D:1      | Reached XP level 2. HP: 18/22 MP: 5/5
   247 | D:1      | Found a faded altar of an unknown god.
   382 | D:1      | Reached skill level 1 in Shields
   527 | D:1      | Reached XP level 3. HP: 6/27 MP: 6/6
   932 | D:1      | Found Weosugh's Antique Armour Shop.
  1377 | D:2      | Noticed Natasha
  1383 | D:2      | Killed Natasha
  1384 | D:2      | Reached XP level 4. HP: 20/33 MP: 7/7
  1694 | D:2      | Noticed Natasha
  1703 | D:2      | Killed Natasha
  1850 | D:2      | Reached XP level 5. HP: 38/38 MP: 8/8
  1896 | D:2      | Noticed Natasha
  1918 | D:2      | Killed Natasha
  3156 | D:3      | You fall into a shaft and drop 1 floor!
  3211 | D:4      | Killed from afar by an orc priest

Illustrated notes

Levels and vault maps discovered:
D:1:      beargit_arrival_greenhouse, layout_rooms,
          shapermc_ecumenical_altar_notcrosses, serial_shops, shop,
          minmay_lizard_pond
D:2:      layout_loops_ring, serial_bayou_pond_b, uniq_natasha
D:3:      layout_basic, biasface_ghost_orc_armoury
D:4:      layout_loops_corners, minivault_1

Skill      XL: |  1  2  3  4  5 |
---------------+----------------+-----
Shields        | 1 2 |  2.6
Translocations | 3 |  3.5
Armour         | 2 |  2.9
Maces & Flails | 3 |  3.1
Fighting       | |  2.1
Throwing       | |  1.0
Dodging        | |  1.7
Spellcasting   | |  2.1

Action                   |  1- 3 |  4- 6 || total
-------------------------+-------+-------++-------
Melee: Mace              |   104 |   135 ||   239
  Use: Potion            |       |     3 ||     3
Armor: Leather armour    |     3 |       ||     3
       Ring mail         |    44 |    50 ||    94
Dodge: Dodged            |    70 |    84 ||   154
